 Dungeon Crawl Stone Soup version 0.21.1-1-g345015f (webtiles) character file.

52748 HammerPanzer the Shatterer (level 14, -4/138 HPs)
             Began as a Minotaur Berserker on Mar 31, 2018.
             Was the Champion of Trog.
             Slain by an orc warrior
             ... wielding a +0 long sword
             ... led by an orc warlord
              (13 damage)
             ... on level 1 of the Orcish Mines.
             The game lasted 00:57:05 (16777 turns).

HammerPanzer the Shatterer (Minotaur Berserker)    Turns: 16777, Time: 00:57:06

Health: -4/138     AC: 19    Str: 31      XL:     14   Next: 28%
Magic:  4/4        EV:  6    Int:  0 (6)  God:    Trog [******]
Gold:   1733       SH:  0    Dex: 14      Spells: 13/13 levels left

rFire    . . .     SeeInvis .   s - +1 great mace (antimagic)
rCold    . . .     Gourm    .   (shield currently unavailable)
rNeg     + . .     Faith    .   d - +0 crystal plate armour
rPois    .         Spirit   .   (helmet restricted)
rElec    .         Reflect  .   O - +0 cloak
rCorr    .         Harm     .   m - +1 pair of gloves
MR       ++...                  r - +0 pair of boots
Stlth    ..........             (no amulet)
HPRegen  0.33/turn              t - +6 ring of strength
MPRegen  0.09/turn              G - ring of Beodom {rN+ MR+ Dex+4}

@: berserk cooldown, very slightly contaminated, hasted and slowed, lost
intelligence, invisible
A: retaliatory headbutt, horns 2
a: Berserk, Trog's Hand, Brothers in Arms, Burn Spellbooks, Renounce Religion


You were on level 1 of the Orcish Mines.
You worshipped Trog.
Trog was exalted by your worship.
You were not hungry.

You visited 2 branches of the dungeon, and saw 16 of its levels.
You also visited: Bailey.

You collected 2022 gold pieces.
You spent 289 gold pieces at shops.

Inventory:

Hand Weapons
 s - a +1 antimagic great mace (weapon)
 u - a +2 flail of draining
 L - a +3 great mace of holy wrath
 N - a +1 flail of protection
Missiles
 n - 15 javelins
 C - 8 poisoned tomahawks
 T - 3 steel javelins (quivered)
Armour
 d - a +0 crystal plate armour (worn)
 m - a +1 pair of gloves (worn)
 q - +0 steam dragon scales
 r - a +0 pair of boots (worn)
 M - a +0 buckler of poison resistance
 O - a +0 cloak (worn)
 S - a +2 plate armour of cold resistance
Jewellery
 h - a +6 ring of dexterity
 t - a +6 ring of strength (left hand)
 G - the ring of Beodom (right hand) {rN+ MR+ Dex+4}
   (You found it on level 10 of the Dungeon)

   [ring of protection from magic]

   It affects your dexterity (+4).
   It protects you from negative energy.
   It affects your resistance to hostile enchantments.
 K - an uncursed ring of positive energy
Wands
 a - a wand of paralysis (9)
 y - a wand of iceblast (33)
 A - a wand of flame (85)
 E - a wand of disintegration (14)
 J - a wand of polymorph (19)
 P - a wand of random effects (23)
Scrolls
 g - a scroll of fear
 i - 4 scrolls of remove curse
 j - 3 scrolls of blinking
 o - 9 scrolls of teleportation
 w - 4 scrolls of enchant weapon
 D - a scroll of enchant armour
 I - 3 scrolls of identify
 Q - a scroll of magic mapping
Potions
 b - 3 potions of lignification
 e - 5 potions of mutation
 f - a potion of magic
 k - 2 potions of curing
 p - a potion of might
 v - a potion of berserk rage
 z - 2 potions of heal wounds
 F - a potion of resistance
 H - a potion of flight
Miscellaneous
 R - a box of beasts
Comestibles
 c - 22 rations


   Skills:
 + Level 16.8 Fighting
 * Level 22.1 Maces & Flails
 - Level 2.4 Armour
 - Level 2.1 Dodging


You had 13 spell levels left.
You didn't know any spells.

Dungeon Overview and Level Annotations

Branches:
Dungeon (15/15)            Temple (0/1) D:6            Lair (0/6) D:9
    Orc (1/2) D:11         Vaults (0/5) D:14         Depths (0/5) D:15

Altars:
Cheibriados
Dithmenos
Gozag
Makhleb
Nemelex Xobeh
Qazlal
Ru
Sif Muna
Trog
Wu Jian
Xom
Zin

Shops:
D:15 %[(*

Portals:
Trove: D:15 (give 6 potions of agility)


Innate Abilities, Weirdness & Mutations

You reflexively headbutt those who attack you in melee.
You have a pair of horns on your head.


Message History

The orc no longer looks unusually strong.
You feel much better.
The orc warrior hits you with a long sword!
* * * LOW HITPOINT WARNING * * *
The orc warrior hits you with a mace!
* * * LOW HITPOINT WARNING * * *
You fade into invisibility!
The orc priest invokes the aid of Beogh against you.
The orc writhes in agony!
The orc dies!
The orc warrior hits you but does no damage.
The orc barely misses you. You furiously retaliate!
You headbutt the orc.
You are very lightly contaminated with residual magic.
The orc wizard no longer looks unusually strong.
The orc throws a tomahawk.
The tomahawk hits the orc but does no damage.
Items here: )) [[ a dire flail; a plate armour; a long sword of flaming; a chain mail The orc warrior hits you with a long sword!
You die...

...... ##..# .. ..... ##...#
#........ ....### #....##
#.......###.## ......###.....#
##......#.#... #
.............#####............##.
...........oOo#.#.............#..
.).........o.Oo..#...............
.)#........oOooo#.........#......
.)........oooooo@....>.........#
.............##.#..#...........##
.$..........#######.............#
..#.........# #............#.##
.......#.#...# #.......)#....###
..##....###.###...............#
######.## #.##...............###
### ................))...#.
#......##......)<).....


You could see an orc warlord, 7 orc warriors, 3 ogres, 2 orc priests, an orc
wizard and 3 orcs.

Vanquished Creatures
  Kirke (D:14)
  An orc warlord (D:11)
  An ogre mage (D:15)
  Josephine (D:10)
  A great orb of eyes (D:15)
  A vault guard (D:14)
  A rakshasa (D:13)
  2 hydras
  3 centaur warriors (D:15)
  7 two-headed ogres
  A tengu warrior (D:15)
  Nergalle (Orc:1)
  6 unseen horrors
  A wizard (D:14)
  6 ugly things
  A wolf spider zombie (D:13)
  2 necromancers (D:14)
  An orc knight (Orc:1)
  3 orc sorcerers (Orc:1)
  A deep elf mage (D:12)
  A wolf spider (D:15)
  The ghost of ReniFell the Grave Robber, a novice GnNe of Vehumet (D:5)
  A shining eye (shapeshifter) (D:15)
  3 manticores
  2 cyclopes
  4 centaur zombies
  Joseph (D:10)
  A gargoyle (D:15)
  4 centaur skeletons
  A kobold demonologist (D:11)
  A guardian mummy (D:15)
  A tengu conjurer (D:15)
  6 trolls
  A wolf spider simulacrum (D:15)
  5 hippogriffs
  A vampire (D:15)
  3 wyverns
  5 wraiths
  A centaur simulacrum (D:15)
  13 yaks
  2 shadows
  A basilisk (D:14)
  21 humans (D:14)
  A hog (D:14)
  2 vampire mosquitoes (D:11)
  5 hungry ghosts
  A steam dragon (D:15)
  Edmund (D:5)
  A warg (Orc:1)
  A soldier ant (D:15)
  4 water moccasins
  16 orc warriors
  4 black bears
  9 ice beasts
  5 sky beasts
  A necrophage (D:9)
  An eye of draining (D:15)
  6 phantoms
  11 ogres
  12 centaurs
  14 bullfrogs
  9 gnoll sergeants
  6 scorpions
  9 wights
  A howler monkey (D:6)
  6 crimson imps
  A quasit (D:8)
  12 hounds
  3 bullfrog skeletons
  3 jellies
  6 gnoll shamans (Bailey)
  6 orc priests
  5 iguanas
  17 orc wizards
  11 worker ants
  A bullfrog simulacrum (D:10)
  5 ogre zombies (D:11)
  A howler monkey zombie (D:5)
  A worker ant zombie (D:7)
  27 gnolls
  20 adders
  6 shadow imps
  2 oozes
  2 adder zombies
  An adder skeleton (D:6)
  4 worms
  9 leopard geckos
  53 orcs
  10 bats
  3 giant cockroaches
  10 goblins
  11 hobgoblins
  17 jackals
  4 quokkas
  5 frilled lizards
  A giant cockroach zombie (D:5)
  2 goblin zombies (D:11)
  A hobgoblin zombie (D:11)
  5 kobolds (D:3)
  2 orc skeletons (D:11)
  14 orc zombies (D:11)
  2 quokka skeletons
  A quokka zombie (D:9)
  7 rats
539 creatures vanquished.

Vanquished Creatures (others)
  A human (D:14)
  An orc (Orc:1)
2 creatures vanquished.

Grand Total: 541 creatures vanquished

Notes
Turn   | Place    | Note
-------+----------+-------------------------------------------
     0 | D:1      | HammerPanzer the Minotaur Berserker began the quest for the Orb.
     0 | D:1      | Reached XP level 1. HP: 19/19 MP: 0/0
   115 | D:1      | Reached skill level 4 in Maces & Flails
   282 | D:1      | Reached XP level 2. HP: 23/27 MP: 1/1
   865 | D:1      | Reached XP level 3. HP: 30/33 MP: 2/2
  1034 | D:2      | Reached ** piety under Trog
  1270 | D:2      | Reached skill level 5 in Maces & Flails
  1426 | D:2      | Found a bloodstained altar of Trog.
  1696 | D:3      | Reached XP level 4. HP: 38/41 MP: 3/3
  1984 | D:3      | Reached skill level 6 in Maces & Flails
  2043 | D:3      | Reached XP level 5. HP: 47/47 MP: 4/4
  2142 | D:3      | Found a faded altar of an unknown god.
  2154 | D:3      | Reached skill level 5 in Fighting
  2213 | D:3      | Reached *** piety under Trog
  2493 | D:3      | Found a burning altar of Makhleb.
  2765 | D:4      | Reached skill level 7 in Maces & Flails
  2793 | D:4      | Reached XP level 6. HP: 51/56 MP: 5/5
  2911 | D:4      | Found a stormy altar of Qazlal.
  2966 | D:4      | Noticed a two-headed ogre
  2973 | D:4      | Killed a two-headed ogre
  2973 | D:4      | Reached skill level 9 in Maces & Flails
  2973 | D:4      | Reached XP level 7. HP: 24/66 MP: 6/6
  3283 | D:4      | Reached XP level 8. HP: 73/73 MP: 7/7
  3517 | D:4      | Reached skill level 10 in Maces & Flails
  3617 | D:5      | Entered Level 5 of the Dungeon
  3617 | D:5      | Noticed ReniFell's ghost (novice GnNe)
  3626 | D:5      | Killed ReniFell's ghost
  3632 | D:5      | Reached skill level 11 in Maces & Flails
  3728 | D:5      | Noticed Edmund
  3729 | D:5      | Found a glowing silver altar of Zin.
  3752 | D:5      | Killed Edmund
  3753 | D:5      | Reached **** piety under Trog
  3783 | D:5      | Reached XP level 9. HP: 70/82 MP: 8/8
  4041 | D:5      | Found an opulent altar of Gozag.
  4206 | D:5      | Reached skill level 12 in Maces & Flails
  4748 | D:6      | Found a staircase to the Ecumenical Temple.
  5119 | D:7      | Reached ***** piety under Trog
  5134 | D:7      | Reached skill level 13 in Maces & Flails
  5285 | D:7      | Reached skill level 10 in Fighting
  5684 | D:7      | Received a gift from Trog
  5937 | D:7      | Found a deep blue altar of Sif Muna.
  5937 | D:7      | Found a faded altar of an unknown god.
  5943 | D:7      | Found a shadowy altar of Dithmenos.
  5945 | D:7      | Found a faded altar of an unknown god.
  5946 | D:7      | Found a sacrificial altar of Ru.
  6206 | D:8      | Reached XP level 10. HP: 94/94 MP: 9/9
  6232 | D:8      | Reached skill level 14 in Maces & Flails
  6964 | D:9      | Reached skill level 15 in Maces & Flails
  7273 | D:9      | Found a staircase to the Lair.
  7332 | D:9      | Reached XP level 11. HP: 104/104 MP: 10/10
  7763 | D:10     | Entered Level 10 of the Dungeon
  7779 | D:10     | Found a transporter.
  7860 | D:10     | Reached skill level 16 in Maces & Flails
  7865 | D:10     | Noticed Josephine
  7876 | D:10     | Killed Josephine
  7883 | D:10     | Received a gift from Trog
  7982 | D:10     | Noticed a two-headed ogre
  8012 | D:10     | Killed a two-headed ogre
  8085 | D:10     | Killed an unseen horror
  8085 | D:10     | Reached skill level 17 in Maces & Flails
  8628 | D:10     | Noticed Joseph
  8643 | D:10     | Killed Joseph
  8706 | D:10     | Found a transporter.
  9078 | D:10     | Killed an unseen horror
  9126 | D:10     | Got a scintillating silver ring
  9139 | D:10     | Identified the ring of Beodom {rN+ MR+ Dex+4} (You found it on level 10 of the Dungeon)
  9301 | D:11     | Received a gift from Trog
  9343 | D:11     | Found a staircase to the Orcish Mines.
  9650 | D:11     | Noticed a two-headed ogre
  9659 | D:11     | Reached XP level 12. HP: 109/115 MP: 3/11
  9668 | D:11     | Killed a two-headed ogre
  9668 | D:11     | Reached skill level 18 in Maces & Flails
  9689 | D:11     | Noticed a two-headed ogre
  9704 | D:11     | Killed a two-headed ogre
 10889 | D:13     | Noticed a rakshasa
 10903 | D:13     | Killed a rakshasa
 10998 | D:13     | Reached skill level 19 in Maces & Flails
 11322 | D:13     | Found a flagged portal.
 11332 | Bailey   | Entered a bailey
 11947 | D:13     | Reached ****** piety under Trog
 12019 | D:13     | Noticed a five-headed hydra
 12025 | D:13     | Killed a five-headed hydra
 12591 | D:14     | Received a gift from Trog
 12622 | D:14     | Reached skill level 15 in Fighting
 12624 | D:14     | Reached XP level 13. HP: 126/126 MP: 4/12
 12693 | D:14     | Reached skill level 20 in Maces & Flails
 12717 | D:14     | Found a gate to the Vaults.
 13370 | D:14     | Noticed Kirke
 13389 | D:14     | Killed Kirke
 13538 | D:14     | Identified the Tome of the Ashen Escort
 13810 | D:15     | Entered Level 15 of the Dungeon
 13827 | D:15     | Found Nuahy's Food Shoppe.
 14027 | D:15     | Found a sparkling altar of Nemelex Xobeh.
 14084 | D:15     | Reached skill level 21 in Maces & Flails
 14378 | D:15     | Found a staircase to the Depths.
 14596 | D:15     | Found Negutagy's Antique Armour Boutique.
 14624 | D:15     | Found a portal to a secret trove of treasure.
 14672 | D:15     | Found Vupnior's General Store.
 14688 | D:15     | Found Iceingan's Antique Weapon Shop.
 14693 | D:15     | Bought a faintly glowing long sword for 289 gold pieces
 14694 | D:15     | Identified the cursed +2 long sword "Vegaink" {freeze, *Corrode rPois Str+5} (You bought it in a shop on level 15 of the Dungeon)
 14881 | D:15     | Reached XP level 14. HP: 132/138 MP: 4/13
 15269 | D:15     | Found a radiant altar of Vehumet.
 15271 | D:15     | Found a shimmering altar of Xom.
 15271 | D:15     | Found an ornate altar of the Wu Jian Council.
 15273 | D:15     | Found an opulent altar of Gozag.
 15273 | D:15     | Found a glowing silver altar of Zin.
 15273 | D:15     | Found a snail-covered altar of Cheibriados.
 15734 | Orc:1    | Entered Level 1 of the Orcish Mines
 15742 | Orc:1    | Noticed an orc warlord
 15746 | Orc:1    | Received a gift from Trog
 15801 | Orc:1    | Noticed Nergalle
 15814 | D:11     | Killed an orc warlord
 16138 | Orc:1    | Killed Nergalle
 16138 | Orc:1    | Reached skill level 22 in Maces & Flails
 16229 | Orc:1    | Lost intelligence.
 16743 | Orc:1    | Found a bloodstained altar of Trog.
 16753 | Orc:1    | Noticed an orc warlord
 16768 | Orc:1    | HP: 6/138 [orc warrior/halberd[an orc warlord] (29)]
 16777 | Orc:1    | Slain by an orc warrior

Skill      XL: |  1  2  3  4  5  6  7  8  9 10 11 12 13 14 |
---------------+-------------------------------------------+-----
Maces & Flails | 4 5 6 7 9 11 13 15 17 19 21 22 | 22.1
Fighting       | 4 5 7 8 10 12 13 15 16 | 16.8
Armour         | |  2.4
Dodging        | |  2.1

Action                   |  1- 3 |  4- 6 |  7- 9 | 10-12 | 13-15 || total
-------------------------+-------+-------+-------+-------+-------++-------
Melee: Mace              |    69 |       |       |       |       ||    69
       Headbutt          |     9 |    17 |    58 |   171 |    84 ||   339
       Flail             |    25 |    89 |   153 |   297 |       ||   564
       Morningstar       |       |     8 |    62 |       |       ||    70
       Great mace        |       |       |       |   298 |   295 ||   593
Throw: Javelin           |       |       |     3 |     7 |     4 ||    14
Invok: Berserk           |       |     2 |     5 |    14 |    11 ||    32
       Burn Spellbooks   |       |       |       |     2 |     1 ||     3
  Use: Scroll            |    11 |     1 |     3 |    11 |     2 ||    28
       Potion            |       |       |     1 |     1 |     3 ||     5
  Eat: Chunk             |     2 |     6 |    14 |    27 |    16 ||    65
       Ration            |       |       |     1 |     3 |     3 ||     7
Armor: Animal skin       |    18 |       |       |       |       ||    18
       Ring mail         |    15 |    30 |     2 |       |       ||    47
       Scale mail        |       |       |    28 |       |       ||    28
       Crystal plate arm |       |       |   103 |   628 |   199 ||   930
       Skin              |       |       |       |     1 |       ||     1
Dodge: Dodged            |    85 |    66 |    92 |   161 |   120 ||   524
